 Dungeon Sprint DCSS version 0.30-a0-860-g512cf1e979 (webtiles) character file.

Game seed: 419480943034430032

8241 BigDaddyOpFi the Tortoise (level 11, -8/113 HPs)
             Began as an Armataur Fighter on Mar 7, 2023.
             Was an Elder of Jiyva.
             Mangled by a nargun (9 damage)
             ... while petrified by a nargun
             ... in the Dungeon (Sprint V: "Ziggurat Sprint").
             The game lasted 00:05:26 (1147 turns).

BigDaddyOpFi the Tortoise (Armataur Fighter)        Turns: 1147, Time: 00:05:26

Health: -8/113     AC: 36    Str: 39    XL:     11   Next: 7%
Magic:  11/11      EV:  1    Int: 11    God:    Jiyva [****..]
Gold:   0          SH:  0    Dex: 10    Spells: 10/10 levels left

rFire   . . .      SeeInvis .    n - +9 lance "Wyrmbane" {slay drac, rPois rF+ rC+ AC+3}
rCold   + + .      Faith    .    D - +18 shield of the Gong {Loud rN+ Will+ rCorr EV-5}
rNeg    + + +      Spirit   .    C - +15 Maxwell's patent armour {-Cast -Tele rElec Will+ rCorr}
rPois   ∞          Reflect  +    (no helmet)
rElec   +          Roll     +    b - +1 cloak of Time Monsters {Str+3}
rCorr   +          Clarity  +    (no gloves)
Will    +....      NoTele   +    (no barding) Stlth NoCast +
                                 c - amulet of reflection
HPRegen 1.66/turn                z - +6 ring of strength
MPRegen 0.52/turn                H - ring "Jihovokh" {Ice rCorr Str+5 Int+2}

@: petrified, weak-willed
A: large, rugged brown scales 3, deformed body, armoured tail, roll, long
tongue, awkward tongue, claws 2, clarity, MP-powered wands
a: Renounce Religion, Oozemancy, Slimify


You were in the Dungeon.
You worshipped Jiyva.
Jiyva was greatly pleased with you.
You visited 1 branch

Inventory:

Hand Weapons
 n - the +9 lance "Wyrmbane" (weapon) {slay drac, rPois rF+ rC+ AC+3}
   (You found it in the Dungeon)

   AC:        It affects your AC (+3).
   rF:        It protects you from fire.
   rC:        It protects you from cold.
   rPois:     It protects you from poison.
Armour
 b - the +1 cloak of Time Monsters (worn) {Str+3}
   (You found it in the Dungeon)

   Str:       It affects your strength (+3).
 C - the +15 Maxwell's patent armour (worn) {-Cast -Tele rElec Will+ rCorr}
   (You found it in the Dungeon)

   rElec:     It insulates you from electricity.
   -Cast:     It prevents spellcasting.
   -Tele:     It prevents most forms of teleportation.
   rCorr:     It protects you from acid and corrosion.
   Will:      It increases your willpower.
 D - the +18 shield of the Gong (worn) {Loud rN+ Will+ rCorr EV-5}
   (You found it in the Dungeon)

   Loud:      It is deafeningly noisy when blocking attacks.
   EV:        It affects your evasion (-5).
   rN:        It protects you from negative energy.
   rCorr:     It protects you from acid and corrosion.
   Will:      It increases your willpower.
Jewellery
 a - a ring of wizardry
 c - an amulet of reflection (around neck)
 u - a ring of flight
 v - a +6 ring of dexterity
 w - a +6 ring of dexterity
 x - a +6 ring of intelligence
 y - a +6 ring of intelligence
 z - a +6 ring of strength (left claw)
 A - a +6 ring of strength
 E - a ring of protection from cold
 H - the ring "Jihovokh" (right claw) {Ice rCorr Str+5 Int+2}
   (You found it in the Dungeon)

   [ring of ice]

   It enhances your ice magic.
   Str:       It affects your strength (+5).
   Int:       It affects your intelligence (+2).
   rF:        It makes you vulnerable to fire.
   rC:        It protects you from cold.
   rCorr:     It protects you from acid and corrosion.
 I - a +6 ring of intelligence
 J - a ring of positive energy
 L - an amulet of regeneration
Wands
 s - a wand of mindburst (7)
 t - a wand of acid (7)
Scrolls
 j - 4 scrolls of blinking
 o - 4 scrolls of amnesia
 p - 7 scrolls of fog
 q - 5 scrolls of identify
 r - 2 scrolls of fear
 G - 2 scrolls of brand weapon
Potions
 d - 4 potions of might
 e - 10 potions of curing
 f - 5 potions of heal wounds
 g - 5 potions of haste
 h - 7 potions of magic
 i - 3 potions of berserk rage
 k - 2 potions of brilliance
 l - 2 potions of invisibility
 m - 4 potions of resistance
Miscellaneous
 B - a lightning rod (4/4)
 F - a piece from Xom's chessboard (15/15)
 K - a phantom mirror
 M - a phantom mirror


   Skills:
 + Level 12.9 Fighting
 + Level 12.7 Long Blades
 + Level 16.4 Armour
 + Level 15.2 Shields
 * Level 1.8 Evocations


You had 10 spell levels left.
You didn't know any spells.
Your spell library contained the following spells:

 Spells                   Type           Power      Damage    Failure   Level
 Magic Dart               Conj           0%         1d3       88%         1
 Searing Ray              Conj           0%         2d4       96%         2
 Static Discharge         Conj/Air       0%         2-2/arc   96%         2
 Sublimation of Blood     Necr           0%         N/A       96%         2
 Wereblood                Tmut           0%         N/A       96%         2
 Kindle Blastsparks       Fire/Tloc/Air  0%         2d10      99%         3
 Portal Projectile        Hex/Tloc       0%         N/A       99%         3
 Swiftness                Air            0%         N/A       99%         3
 Tukima's Dance           Hex            0%         N/A       99%         3
 Vhi's Electric Charge    Tloc/Air       0%         N/A       99%         3
 Fulminant Prism          Conj/Hex       0%         3d5       100%        4
 Passage of Golubria      Tloc           0%         N/A       100%        4
 Petrify                  Tmut/Erth      0%         N/A       100%        4
 Freezing Cloud           Conj/Ice/Air   0%         6-21      100%        5
 Metabolic Englaciation   Hex/Ice        0%         N/A       100%        5
 Yara's Violent Unravell  Hex/Tmut       0%         3d3       100%        5
 Statue Form              Tmut/Erth      0%         N/A       100%        6
 Summon Hydra             Summ           0%         N/A       100%        7
 Borgnjor's Revivificati  Necr           0%         N/A       100%        8
 Disjunction              Tloc           0%         N/A       100%        8
 Necromutation            Tmut/Necr      0%         N/A       100%        8
 Death's Door             Necr           0%         N/A       100%        9


Dungeon Overview and Level Annotations

Branches:
Dungeon (1/1)

Altars:
Ashenzari
Cheibriados
Dithmenos
Elyvilon
Fedhas
Gozag
Hepliaklqana
Kikubaaqudgha
Makhleb
Nemelex Xobeh
Okawaru
Qazlal
Ru
Sif Muna
Trog
Uskayaw
Vehumet
Wu Jian
Xom
Yredelemnul
Zin
The Shining One
Jiyva
Lugonu

Annotations:
D 1 transporter


Innate Abilities, Weirdness & Mutations

You are completely covered in rugged brown scales. (AC +3, +7% HP)
Armour fits poorly on your strangely shaped body.
You have a long armoured tail.
You roll when moving toward enemies. (Rampage)
Your long tongue fully drains potion bottles. (2x potion effects)
Your tongue gives you trouble enunciating. (1.5x scroll delay)
You have very sharp fingernails.
You possess an exceptional clarity of mind.
You expend magic power (3 MP) to strengthen your wands.


Message History

You block the quokka simulacrum's attack.
PANG!
You block the nargun's attack.
SHROANNG!
You block the nargun's attack.
GONNNNG!
The Ice Fiend calls on the powers of darkness!
Your body is wracked with pain!
* * * LOW HITPOINT WARNING * * *
The endoplasm convulses!
You block the Hell Sentinel's attack.
GONNNNG!
The Hell Sentinel hits you but does no damage.
The Ice Fiend claws you but does no damage. x2
Your limbs have turned to stone.
The quokka simulacrum bites you but does no damage.
Something touches you.
* * * LOW HITPOINT WARNING * * *
You have turned to stone.
The Hell Sentinel hits you but does no damage. x2
Something touches you but does no damage.
The Ice Fiend claws you but does no damage. x2
The quokka simulacrum completely misses you.
The nargun hits you but does no damage.
The nargun bites you but does no damage.
The Hell Sentinel hits you!!
* * * LOW HITPOINT WARNING * * *
The Hell Sentinel hits you but does no damage.
The nargun hits you but does no damage.
The nargun bites you but does no damage.
Something completely misses you.
The Ice Fiend claws you but does no damage. x2
The quokka simulacrum bites you but does no damage.
The Hell Sentinel hits you but does no damage. x2
You hear some strange, mumbled words.
The Ice Fiend claws you but does no damage. x2
The nargun hits you.
* * * LOW HITPOINT WARNING * * *
The nargun bites you!!
You die...

▓.........▓
▓....8©8....▓....©....▓
▓..|):=|):..▓▓▓▓▓▓▓▓▓▓▓
▓...|:[:|...▓...8©8...▓
▓...........▓..)..}...▓
▓...........▓...|.[...▓
▓.....R.....▓.........▓
▓....911....▓.........▓
▓...1{@.....▓.........▓
▓....Z.J....▓.........▓
▓...........▓.▓.....▓.▓
▓.....©.....▓....©..†.▓
▓▓▓▓▓▓▓▓▓▓▓▓▓▓▓▓▓▓▓▓▓▓▓
▓...8©8..G▓..J8©8...▓..
▓......J..▓...).....▓..
▓......JG.▓.........▓..
▓JJ...J...▓J....J...▓..


You could see a Hell Sentinel (summoned), 2 Ice Fiends, a wendigo, a nargun, a
quokka simulacrum and a neutral endoplasm (wandering) (fellow slime).

Vanquished Creatures
  A shard shrike (D)
  A black draconian (D)
  4 draconians (D)
  4 toenail golems (D)
  3 cane toads (D)
  An orange demon (D)
  A red devil (D)
  3 wind drakes (D)
  8 air elementals (D)
  A ynoxinul (D)
  A water moccasin (D)
  3 hell hounds (D)
  4 bullfrogs (D)
  2 earth elementals (D)
  2 wights (D)
  A quasit (D)
  An iron imp (D)
  An iguana (D)
  2 adders (D)
  A river rat (D)
  2 shadow imps (D)
  An adder skeleton (D)
  A ball python (D)
  A bat simulacrum (D)
  A bat skeleton (D)
  A bat zombie (D)
  2 giant cockroach zombies (D)
  A quokka skeleton (D)
55 creatures vanquished.

Vanquished Creatures (others)
  An air elemental (D)
  8 jellies (D)
  2 adder simulacra (D)
  A giant cockroach simulacrum (D)
  A fire vortex (D)
13 creatures vanquished.

Grand Total: 68 creatures vanquished

Notes
Turn   | Place    | Note
-------+----------+-------------------------------------------
     0 | D        | BigDaddyOpFi the Armataur Fighter began the quest for the
                  | Orb.
     0 | D        | Reached XP level 1. HP: 19/19 MP: 1/1
     4 | D        | Found a shimmering blue altar of Sif Muna.
     4 | D        | Found a bloodstained altar of Trog.
     4 | D        | Found a sacrificial altar of Ru.
     4 | D        | Found a stormy altar of Qazlal.
     4 | D        | Found an iron altar of Okawaru.
     5 | D        | Found a sparkling altar of Nemelex Xobeh.
     5 | D        | Found a blossoming altar of Fedhas.
     5 | D        | Found the +6 Majin-Bo {spellvamp, MP+6 Int+6}
     5 | D        | Found the +27 heavy crossbow "Sniper" {heavy, Acc+∞ SInv}
     5 | D        | Found the +10 dark maul {heavy}
     5 | D        | Found the +15 Maxwell's patent armour {-Cast -Tele rElec
                  | Will+ rCorr}
     5 | D        | Found the +18 shield of the Gong {Loud rN+ Will+ rCorr
                  | EV-5}
     5 | D        | Found the +16 obsidian axe {drain, demonic, Mesm Drain Fly
                  | SInv}
     5 | D        | Found the +7 great mace "Firestarter" {flame, inner flame,
                  | rFlCloud rF++}
     5 | D        | Found the +6 shillelagh "Devastator" {shatter}
     5 | D        | Found the +11 plutonium sword {Contam Stlth-}
     5 | D        | Found the +8 lance "Wyrmbane" {slay drac, rPois rF+ rC+
                  | AC+3}
     5 | D        | Found the +9 sword of Zonguldrok {reap}
     5 | D        | Found the +13 scythe of Curses {drain, curses, Drain}
     5 | D        | Found the +9 sword of Power {lifebolt}
     5 | D        | Found the +7 mace of Variability {chaos, chain chaos}
     5 | D        | Found the +11 Singing Sword {sonic wave}
     5 | D        | Found the +8 storm bow {elec, penet}
     7 | D        | Found a transporter.
     7 | D        | Found an ancient bone altar of Kikubaaqudgha.
     7 | D        | Found a viscous altar of Jiyva.
     7 | D        | Found a corrupted altar of Lugonu.
     7 | D        | Found a hazy altar of Hepliaklqana.
     7 | D        | Found a burning altar of Makhleb.
     7 | D        | Found an opulent altar of Gozag.
    45 | D        | Became a worshipper of Jiyva Jogoudd the Shapeless
    51 | D        | Reached skill level 5 in Fighting
    51 | D        | Reached skill level 6 in Armour
    51 | D        | Reached XP level 2. HP: 31/31 MP: 2/2
    51 | D        | Reached XP level 3. HP: 38/38 MP: 3/3
   132 | D        | Entered arena 2.
   132 | D        | Noticed a black draconian
   132 | D        | Noticed a draconian
   132 | D        | Found a transporter.
   139 | D        | Killed a draconian
   140 | D        | Reached skill level 9 in Armour
   140 | D        | Reached XP level 4. HP: 42/50 MP: 4/4
   140 | D        | Reached XP level 5. HP: 46/55 MP: 5/5
   140 | D        | Reached XP level 6. HP: 54/64 MP: 6/6
   146 | D        | Killed a black draconian
   147 | D        | Reached skill level 11 in Armour
   147 | D        | Reached skill level 10 in Shields
   147 | D        | Reached XP level 7. HP: 31/73 MP: 7/7
   147 | D        | Reached XP level 8. HP: 35/82 MP: 8/8
   292 | D        | Entered arena 3.
   292 | D        | Noticed a draconian
   292 | D        | Noticed a draconian
   292 | D        | Noticed a draconian
   292 | D        | Found a transporter.
   297 | D        | Killed a draconian
   298 | D        | Reached skill level 12 in Armour
   303 | D        | Killed a draconian
   311 | D        | Killed a draconian
   312 | D        | Reached skill level 10 in Fighting
   312 | D        | Reached skill level 10 in Long Blades
   312 | D        | Reached skill level 13 in Armour
   312 | D        | Reached XP level 9. HP: 70/90 MP: 9/9
   386 | D        | Got Urhudet's Spellbook of the Combative Birds
   389 | D        | Entered arena 4.
   389 | D        | Found a transporter.
   389 | D        | Paralysed by an air elemental for 1 turns
   392 | D        | Paralysed by an air elemental for 1 turns
   396 | D        | Paralysed by an air elemental for 1 turns
   398 | D        | Paralysed by an air elemental for 1 turns
   402 | D        | Paralysed by an air elemental for 1 turns
   406 | D        | Paralysed by an air elemental for 1 turns
   410 | D        | Paralysed by an air elemental for 1 turns
   412 | D        | Paralysed by an air elemental for 1 turns
   414 | D        | Paralysed by an air elemental for 1 turns
   578 | D        | Entered arena 5.
   578 | D        | Reached * piety under Jiyva
   578 | D        | Found a transporter.
   607 | D        | Entered arena 6.
   607 | D        | Found a transporter.
   630 | D        | Got the +1 cloak of Time Monsters {Str+3}
   650 | D        | Entered arena 7.
   650 | D        | Noticed a toenail golem
   650 | D        | Noticed a toenail golem
   650 | D        | Noticed a toenail golem
   650 | D        | Noticed a toenail golem
   650 | D        | Reached ** piety under Jiyva
   651 | D        | Found a transporter.
   656 | D        | Killed a toenail golem
   657 | D        | Reached skill level 14 in Armour
   668 | D        | Killed a toenail golem
   672 | D        | Killed a toenail golem
   673 | D        | Reached XP level 10. HP: 43/102 MP: 10/10
   677 | D        | Killed a toenail golem
   759 | D        | Entered arena 8.
   760 | D        | Found a transporter.
   763 | D        | Reached skill level 15 in Armour
   796 | D        | Entered arena 9.
   796 | D        | Found the +7 captain's cutlass {speed, disarm}
   796 | D        | Noticed an orange demon
   796 | D        | Reached *** piety under Jiyva
   797 | D        | Found a transporter.
   805 | D        | Killed an orange demon
   849 | D        | Got the ring "Jihovokh" {Ice rCorr Str+5 Int+2}
   864 | D        | Entered arena 10.
   864 | D        | Paralysed by an air elemental for 1 turns
   867 | D        | Paralysed by an air elemental for 1 turns
   870 | D        | Found a transporter.
   871 | D        | Paralysed by an air elemental for 1 turns
   874 | D        | Paralysed by an air elemental for 1 turns
   879 | D        | Paralysed by an air elemental for 1 turns
   881 | D        | Paralysed by an air elemental for 1 turns
   883 | D        | Paralysed by an air elemental for 1 turns
   886 | D        | Paralysed by an air elemental for 1 turns
   888 | D        | Paralysed by an air elemental for 1 turns
   895 | D        | Paralysed by an air elemental for 1 turns
   899 | D        | Paralysed by an air elemental for 1 turns
   987 | D        | Entered arena 11.
   987 | D        | Noticed a cane toad
   987 | D        | Noticed a cane toad
   987 | D        | Noticed a cane toad
   987 | D        | Gained mutation: You expend magic power (3 MP) to
                  | strengthen your wands. [Jiyva's grace]
   987 | D        | Gained mutation: You possess an exceptional clarity of
                  | mind. [Jiyva's grace]
   987 | D        | Gained mutation: You have sharp fingernails. [Jiyva's
                  | grace]
   987 | D        | Gained mutation: You have very sharp fingernails. [Jiyva's
                  | grace]
   988 | D        | Found a transporter.
   996 | D        | Killed a cane toad
   997 | D        | Reached skill level 16 in Armour
  1001 | D        | Killed a cane toad
  1009 | D        | Killed a cane toad
  1010 | D        | Reached skill level 15 in Shields
  1016 | D        | Reached XP level 11. HP: 77/113 MP: 11/11
  1090 | D        | Got the Anthology of Points and Thunder
  1104 | D        | Entered arena 12.
  1104 | D        | Noticed a rockslime
  1104 | D        | Noticed a rockslime
  1104 | D        | Reached **** piety under Jiyva
  1106 | D        | Found a transporter.
  1106 | D        | Noticed a rockslime
  1118 | D        | Entered arena 13.
  1119 | D        | Noticed a rockslime
  1120 | D        | Found a transporter.
  1128 | D        | Entered arena 14.
  1129 | D        | Noticed an Ice Fiend
  1129 | D        | Noticed a dread lich
  1129 | D        | Noticed a shard shrike
  1129 | D        | Noticed a wendigo
  1130 | D        | Noticed an Executioner
  1130 | D        | Noticed an Ice Fiend
  1130 | D        | Noticed a nargun
  1130 | D        | Found a transporter.
  1132 | D        | Noticed a Hell Sentinel
  1139 | D        | Killed a shard shrike
  1140 | D        | Reached skill level 1 in Evocations
  1146 | D        | HP: 1/113 [Hell Sentinel[a dread lich] (12)]
  1147 | D        | Mangled by a nargun

Illustrated notes

Levels and vault maps discovered:
D:        sprint_v [room_start, room_1, room_2, room_3, room_4, room_5, room_6,
          room_7, room_8, room_9, room_10, room_11, room_12, room_13, room_14,
          room_15, room_16, room_17, room_18, room_19, room_20, room_21,
          room_22, room_23, room_24, room_25, room_26, room_27]

Skill      XL: |  1  2  3  4  5  6  7  8  9 10 11 |
---------------+----------------------------------+-----
Fighting       | 5 7 8 10 11 12 | 12.9
Long Blades    | 4 7 8 10 11 12 | 12.7
Armour         | 6 9 11 13 14 16 | 16.4
Shields        | 6 8 10 12 13 15 | 15.2
Evocations     | 1 |  1.8

Action                     |  1- 3 |  4- 6 |  7- 9 | 10-12 || total
---------------------------+-------+-------+-------+-------++-------
  Melee: Lance             |     6 |     7 |    81 |   138 ||   232
         Tailslap          |       |     1 |    15 |    17 ||    33
 Invoke: Slimify           |       |       |       |     1 ||     1
    Use: Potion            |     2 |       |     2 |     9 ||    13
 Armour: Plate armour      |     2 |     1 |   125 |   491 ||   619
  Dodge: Dodged            |       |       |     2 |    24 ||    26
  Block: Kite shield       |     9 |     3 |   172 |   501 ||   685
         Reflection        |       |       |       |     1 ||     1

Table legend: (Time is in decaauts)
 A = Elapsed time spent in this place.
 B = Non-inter-level travel time spent in this place.
 C = Inter-level travel time spent in this place.
 D = Time resting spent in this place.
 E = Time spent auto-exploring this place.
 F = Levels seen in this place.
 G = Mean time per level.
                   A        B        C        D        E       F      G
               +--------+--------+--------+--------+--------+-----+--------+
         Total |   1167 |   1167 |      0 |    561 |      0 |   1 | 1167.0 |
       Dungeon |   1167 |   1167 |      0 |    561 |      0 |   1 | 1167.0 |
               +--------+--------+--------+--------+--------+-----+--------+

Top non-repeatable levels by time:
       D: 1167 daAuts
